 Dungeon Crawl Stone Soup version 0.27-a0-93-g19769c27d7 (webtiles) character file.

Game seed: 1186762609867843337

775548 Niju the Metallomancer (level 27, 0/141 HPs)
             Began as a Gargoyle Earth Elementalist on Jan 14, 2021.
             Was the Champion of Vehumet.
             Killed from afar by a wretched star (19 damage)
             ... with a lance of force
             ... on level 18 of a ziggurat on Jan 16, 2021.
             The game lasted 03:46:05 (73563 turns).

Niju the Metallomancer (GrEE)                      Turns: 73563, Time: 03:46:05

Health: 0/141      AC: 37    Str: 18 (19) XL:     27
Magic:  50/50      EV: 18    Int: 32      God:    Vehumet [******]
Gold:   13010      SH:  0    Dex:  8 (9)  Spells: 4/63 levels left

rFire    + + +     SeeInvis +   w - +9 great mace "Spiderbane" {venom, rC++}
rCold    + + +     Faith    .   (shield currently unavailable)
rNeg     + + .     Spirit   .   o - +3 leather armour "Bihe Bei" {rCorr Int+2}
rPois    ∞         Reflect  .   U - +2 helmet {SInv}
rElec    +         Harm     .   a - +2 cloak {Stlth+}
rCorr    +         Rampage  .   T - +2 pair of gloves {Dex+3}
Will     +++..                  F - +0 pair of boots "Gywala" {Regen+ Int+3}
Stlth    +.........             Y - amulet of Vitality {Regen+ HP+15}
HPRegen  0.00/turn              i - ring of magical power
MPRegen  0.32/turn              V - ring "Zutsabac" {*Corrode rElec rF++ rN+ Str+9}

@: resistant, flying, slowed, studying 2 skills, very slow
A: big wings, clever 1, [clumsy 2], [deformed body], [deterioration 2], [dopey
2], fire resistance 1, [frail 3], high mp 1, [low mp 2], strong-willed 1,
negative energy resistance 1, [screaming 3], electricity resistance, [inhibited
regeneration], weak 1, unbreathing, petrification resistance, [no potion heal
2], miasma immunity, AC +20
}: 5/15 runes: serpentine, barnacled, slimy, silver, abyssal
a: Stop Flying, Renounce Religion


You were on level 18 of a ziggurat.
You worshipped Vehumet.
Vehumet was exalted by your worship.
You visited 11 branches of the dungeon, and saw 53 of its levels.
You visited the Abyss 2 times.
You visited 1 ziggurat, and saw 18 of its levels.
You also visited: Trove, Ossuary, Bailey, Gauntlet and Ice Cave.

You collected 14142 gold pieces.
You spent 1132 gold pieces at shops.

Inventory:

Hand Weapons
 h - a +9 vampiric eveningstar
 l - a +9 sacred scourge of holy wrath
 w - the +9 great mace "Spiderbane" (weapon) {venom, rC++}
   (You found it on level 4 of the Lair of Beasts)

   It poisons the flesh of those it strikes.
   It greatly protects you from cold.
Missiles
 O - 7 throwing nets
Armour
 a - a +2 cloak of stealth (worn)
 o - the +3 leather armour "Bihe Bei" (worn) {rCorr Int+2}
   (You found it on level 3 of the Crypt)

   It affects your intelligence (+2).
   It provides partial protection from all sources of acid and corrosion.
 F - the +0 pair of boots "Gywala" (worn) {Regen+ Int+3}
   (You bought it in a shop on level 6 of the Dungeon)

   It affects your intelligence (+3).
   It increases your rate of regeneration.
 T - a +2 pair of gloves of dexterity (worn)
 U - a +2 helmet of see invisible (worn)
Jewellery
 c - the ring of Winter {rElec rN+ Str+3 SInv}
   (You found it on level 4 of a ziggurat)

   [ring of positive energy]

   It affects your strength (+3).
   It insulates you from electricity.
   It protects you from negative energy.
   It lets you see invisible.
 i - a ring of magical power (left hand)
 L - the ring of Moodiness {Wiz rPois rF+++ Str-2 Dex-2}
   (You found it on level 5 of the Pits of Slime)

   [ring of wizardry]

   It improves your spell success rate.
   It affects your strength (-2).
   It affects your dexterity (-2).
   It renders you almost immune to fire.
   It protects you from poison.
 V - the ring "Zutsabac" (right hand) {*Corrode rElec rF++ rN+ Str+9}
   (You found it in a Gauntlet)

   [ring of positive energy]

   It affects your strength (+9).
   It greatly protects you from fire.
   It insulates you from electricity.
   It protects you from negative energy.
   It may corrode you when you take damage.
 Y - the amulet of Vitality (around neck) {Regen+ HP+15}
   (You took it off a deep elf death mage on level 5 of the Vaults)

   [amulet of regeneration]

   It affects your health (+15).
   It increases your rate of regeneration.
Wands
 u - a wand of acid (27)
 C - a wand of iceblast (36)
Scrolls
 e - 25 scrolls of fog
 f - 24 scrolls of teleportation
 g - 27 scrolls of remove curse
 m - 7 scrolls of enchant armour
 n - 16 scrolls of identify
 x - 3 scrolls of holy word
 y - 13 scrolls of amnesia
 E - 6 scrolls of immolation
 G - 3 scrolls of summoning
 H - a scroll of enchant weapon
 R - 6 scrolls of blinking
 Z - 5 scrolls of magic mapping
Potions
 b - a potion of magic
 j - 6 potions of ambrosia
 p - a potion of haste
 q - 3 potions of might
 s - 11 potions of heal wounds
 t - 6 potions of berserk rage
 z - 4 potions of resistance
 B - 4 potions of mutation
 D - 21 potions of curing
 I - 7 potions of cancellation
 J - 3 potions of invisibility
 M - 7 potions of brilliance
Books
 v - a manual of Conjurations
 A - a manual of Shields
Miscellaneous
 d - a phantom mirror
 k - a lightning rod (4/4)
 r - a tin of tremorstones (inert)
 P - a condenser vane (inert)
 W - a box of beasts


   Skills:
 + Level 20.4 Fighting
 - Level 17.2 Maces & Flails
 - Level 6.0 Armour
 - Level 15.0 Dodging
 - Level 2.1 Stealth
 + Level 18.7 Spellcasting
 - Level 20.0 Conjurations
 - Level 0.7 Transmutations
 - Level 22.0 Fire Magic
 + Level 19.1 Ice Magic
 - Level 22.0 Earth Magic
 - Level 10.0 Evocations


You had 4 spell levels left.
You knew the following spells:

 Your Spells              Type           Power        Failure   Level
a - Shatter               Erth           53%          4%          9
b - Stone Arrow           Conj/Erth      100%         0%          3
c - Lee's Rapid Deconstr  Erth           53%          0%          5
d - Iron Shot             Conj/Erth      52%          1%          6
e - Bolt of Magma         Conj/Fire/Erth 52%          0%          5
f - Fire Storm            Conj/Fire      52%          7%          9
g - Ignition              Fire           53%          1%          8
h - Irradiate             Conj/Tmut      38%          1%          5
i - Absolute Zero         Ice            50%          16%         9

Your spell library contained the following spells:

 Spells                   Type           Power        Failure   Level
 Foxfire                  Conj/Fire      100%         0%          1
 Freeze                   Ice            100%         0%          1
 Magic Dart               Conj           100%         0%          1
 Sandblast                Erth           100%         0%          1
 Shock                    Conj/Air       100%         0%          1
 Searing Ray              Conj           100%         0%          2
 Conjure Flame            Conj/Fire      100%         0%          3
 Frozen Ramparts          Ice            100%         0%          3
 Ozocubu's Armour         Ice            100%         0%          3
 Hailstorm                Conj/Ice       100%         0%          4
 Sticky Flame             Conj/Fire      100%         0%          4
 Animate Skeleton         Necr           58%          1%          1
 Beastly Appendage        Tmut           68%          1%          1
 Corona                   Hex            32%          1%          1
 Pain                     Necr           100%         1%          1
 Sting                    Tmut/Pois      100%         1%          1
 Summon Small Mammal      Summ           100%         1%          1
 Ensorcelled Hibernation  Hex/Ice        100%         1%          2
 Passwall                 Tmut/Erth      66%          1%          2
 Wereblood                Tmut           34%          1%          2
 Dazzling Flash           Conj/Hex       100%         1%          3
 Ignite Poison            Fire/Tmut/Pois 68%          1%          3
 Inner Flame              Hex/Fire       79%          1%          3
 Mephitic Cloud           Conj/Pois/Air  64%          1%          3
 Static Discharge         Conj/Air       76%          1%          3
 Fulminant Prism          Conj/Hex       38%          1%          4
 Ice Form                 Ice/Tmut       76%          1%          4
 Iskenderun's Mystic Bla  Conj/Tloc      76%          1%          4
 Leda's Liquefaction      Hex/Erth       39%          1%          4
 Petrify                  Tmut/Erth      80%          1%          4
 Summon Ice Beast         Ice/Summ       74%          1%          4
 Blink                    Tloc           N/A          2%          2
 Call Imp                 Summ           29%          2%          2
 Corpse Rot               Necr/Air       N/A          2%          2
 Poisonous Vapours        Pois/Air       58%          2%          2
 Slow                     Hex            29%          2%          2
 Swiftness                Air            29%          2%          2
 Spider Form              Tmut/Pois      16%          3%          3
 Call Canine Familiar     Summ           29%          4%          3
 Confusing Touch          Hex            29%          4%          3
 Gell's Gravitas          Tloc           14%          4%          3
 Lesser Beckoning         Tloc           14%          4%          3
 Portal Projectile        Hex/Tloc       58%          4%          3
 Summon Guardian Golem    Hex/Summ       29%          4%          3
 Tukima's Dance           Hex            29%          4%          3
 Vampiric Draining        Necr           14%          4%          3
 Animate Dead             Necr           14%          14%         4
 Cause Fear               Hex            14%          14%         4
 Passage of Golubria      Tloc           N/A          14%         4
 Summon Lightning Spire   Summ/Air       29%          14%         4
 Fireball                 Conj/Fire      52%          0%          5
 Iskenderun's Battlesphe  Conj           100%         0%          5
 Borgnjor's Vile Clutch   Necr/Erth      39%          1%          5
 Lightning Bolt           Conj/Air       38%          1%          5
 Metabolic Englaciation   Hex/Ice        37%          1%          5
 Conjure Ball Lightning   Conj/Air       38%          1%          6
 Freezing Cloud           Conj/Ice/Air   42%          1%          6
 Ozocubu's Refrigeration  Ice            50%          1%          6
 Starburst                Conj/Fire      52%          1%          6
 Orb of Destruction       Conj           51%          1%          7
 Lehudib's Crystal Spear  Conj/Erth      52%          1%          8
 Simulacrum               Ice/Necr       37%          4%          6
 Spellforged Servitor     Conj/Summ      38%          5%          7
 Yara's Violent Unravell  Hex/Tmut       16%          10%         5
 Blade Hands              Tmut           17%          30%         5
 Agony                    Necr           29%          36%         5
 Excruciating Wounds      Necr           14%          36%         5
 Silence                  Hex/Air        14%          36%         5
 Summon Demon             Summ           14%          36%         5
 Summon Forest            Summ/Tloc      14%          36%         5
 Summon Mana Viper        Hex/Summ       29%          36%         5
 Chain Lightning          Conj/Air       38%          36%         8
 Hydra Form               Tmut           17%          86%         6
 Death Channel            Necr           14%          91%         6
 Dispersal                Tloc           14%          91%         6
 Invisibility             Hex            29%          91%         6
 Shadow Creatures         Summ           N/A          91%         6
 Dragon Form              Tmut           17%          100%        7
 Summon Hydra             Summ           14%          100%        7
 Discord                  Hex            14%          100%        8
 Disjunction              Tloc           14%          100%        8
 Tornado                  Air            14%          100%        9
 Statue Form              Tmut/Erth      Unusable     N/A         6

Dungeon Overview and Level Annotations

Branches:
Dungeon (15/15)            Temple (1/1) D:5            Lair (6/6) D:10
 Shoals (4/4) Lair:3        Snake (4/4) Lair:3        Slime (5/5) Lair:5
    Orc (2/2) D:10            Elf (3/3) Orc:2        Vaults (5/5) D:14
  Crypt (3/3) Vaults:3       Tomb (0/3) Crypt:3      Depths (5/5) D:15
    Zot (0/5) Depths:5    Ossuary (visited)          Bailey (visited)
  IceCv (visited)         Gauntlet (visited)

Altars:
Ashenzari
Cheibriados
Dithmenos
Elyvilon
Fedhas
Gozag
Hepliaklqana
Kikubaaqudgha
Makhleb
Nemelex Xobeh
Okawaru
Qazlal
Ru
Sif Muna
Trog
Uskayaw
Vehumet
Wu Jian
Xom
Yredelemnul
Zin
The Shining One
Beogh

Shops:
D:6 [   D:7 (   D:10 !   D:11 (   D:15 ?   Orc:2 [[}[   Elf:3 :   Shoals:3 (
Depths:5 *[

Portals:
Hell: Depths:1 Depths:2 Depths:3 Depths:4* Depths:5
Abyss: Depths:2 Depths:3 Depths:4
Pandemonium: Depths:3 Depths:4

Annotations:
Shoals:3 3 runed translucent doors, Caigor's ghost, adept HuAr
Elf:2 5 runed translucent doors
Depths:1 1 runed translucent door, confidenceinterval's ghost, adept GrFi


Innate Abilities, Weirdness & Mutations

You are resistant to torment.
Your stone body is resilient. (AC +20)
You are immune to poison.
Your large and strong wings let you fly indefinitely.
You resist negative energy. (rN+)
You are resistant to electric shocks. (rElec)
You can survive without breathing.
You are immune to petrification.
You are immune to miasma.
Your mind is acute. (Int +2)
Your flesh is heat resistant. (rF+)
You have an increased reservoir of magic. (+10% MP)
You are strong-willed. (Will+)
You are weak. (Str -2)
[You are very clumsy. (Dex -4)]
[Armour fits poorly on your strangely shaped body.]
[Your body often deteriorates upon taking damage.]
[You are very dopey. (Int -4)]
[You are extremely frail. (-30% HP)]
[Your magical capacity is very low. (-20% MP)]
[You frequently scream uncontrollably at your foes.]
[You do not regenerate when monsters are visible.]
[Potions are poor at restoring your health.]


Message History

The burst of rock shards engulfs the deep elf elementalist!
The burst of rock shards engulfs the silent spectre!
You destroy the silent spectre!
Vehumet accepts your kill.
The burst of rock shards engulfs the ancient zyme!
You destroy the ancient zyme!
Vehumet accepts your kill.
The burst of rock shards engulfs the wretched star but does no damage.
The burst of rock shards engulfs the deep elf elementalist!
The burst of rock shards engulfs the large abomination.
The tin is emptied!
You hear a chilling moan.
You hear a shout! x3
You kill the deep elf elementalist!
Vehumet accepts your kill. The starcursed mass barely misses you.
The infernal corrupter looks as sick as possible!
The infernal corrupter calls forth creatures from the Abyss!
The wretched star glows turbulently.
The lance of force hits you!!
You die...

...................▓
....................▓
....................▓
....................▓
.....§§§............▓
....☼§§§§§.........∩▓
....§§§*§§..........▓
...§*§XWXX..........▓
§§§§§§w@XX..........▓
§§§§§X*X6§..........▓
§§§§§§xX§§..........▓
.§§§§§§X...▓▓▓▓▓▓▓▓▓▓
.§§§§§R....▓
...........▓
...........▓
...........▓
▓▓▓▓▓▓▓▓▓


You could see 5 starcursed masses, a tentacled starspawn, an eidolon, 3 wretched
stars, an infernal corrupter (extremely poisoned), a rakshasa, 3 large
abominations, a small abomination and a starspawn tentacle.

Vanquished Creatures
  the Royal Jelly (Slime:5)
  Dissolution (Slime:1)
  Khufu (Vaults:3)
  Mennas (Vaults:5)
  5 ancient liches
  3 juggernauts
  3 pandemonium lords
  2 royal mummies (Crypt:1)
  Sojobo (Vaults:5)
  4 Killer Klowns (Zig:12)
  Vashnia (Snake:4)
  Bai Suzhen (Crypt:1)
  Frederick (Vaults:2)
  6 caustic shrikes
  2 shard shrikes (Zig:16)
  7 golden dragons
  Jory (Vaults:5)
  2 bone dragons
  3 starcursed masses
  The ghost of Jiak the Eclecticist, an adept DsCj of Vehumet (Vaults:1)
  An Ice Fiend (Zig:17)
  3 Tzitzimimeh (Zig:17)
  2 Brimstone Fiends (Zig:17)
  8 tentacled monstrosities
  5 liches
  3 deep elf blademasters (Elf:3)
  2 deep elf master archers (Elf:3)
  8 titans
  Frances (D:14)
  A quicksilver dragon (shapeshifter) (Vaults:5)
  3 ancient champions
  17 acid blobs
  7 storm dragons
  5 sphinxes
  2 Executioners
  7 tentacled starspawn
  A kraken (Shoals:2)
  5 revenants
  Donald (Shoals:1)
  3 shadow dragons
  8 tengu reavers
  23 nagarajas
  The ghost of tape the Impaler, an adept FoAK of Lugonu (Shoals:1)
  2 warmongers (Zig:17)
  16 fire giants
  2 ghost moths
  A fenstrider witch (Zig:8)
  9 deep elf sorcerers
  12 frost giants
  2 balrugs
  A draconian knight (Depths:5)
  11 azure jellies
  A frost giant (shapeshifter) (Zig:12)
  A draconian scorcher (Depths:5)
  17 vault wardens
  Aizul (Vaults:2)
  6 cacodemons
  4 iron dragons
  An orc warlord (Vaults:1)
  An emperor scorpion (Zig:14)
  5 reapers
  7 curse skulls
  7 deep elf elementalists
  A juggernaut skeleton (Zig:16)
  A caustic shrike skeleton (Zig:16)
  13 ironheart preservers
  2 war gargoyles
  3 ghouls
  A blood saint (Zig:17)
  5 corrupters
  14 vampire knights
  32 stone giants
  29 very ugly things
  A green draconian (Depths:5)
  6 deep elf demonologists
  5 black suns
  The ghost of Munteil the Spear-Bearer, a journeyman DgFi (D:15)
  A black draconian (Depths:5)
  5 deep elf annihilators
  A bunyip (Zig:9)
  2 purple draconians (Depths:5)
  A lorocyproca (Depths:3)
  A minotaur (Gauntlet)
  A white draconian (Depths:5)
  5 spark wasps
  6 merfolk javelineers
  5 entropy weavers
  A red draconian (Depths:5)
  17 deep elf death magi
  18 eidola
  17 ettins
  Snorg (D:11)
  A shambling mangrove (Zig:9)
  A green death (Zig:17)
  4 blizzard demons
  15 great orbs of eyes
  5 death oozes (Slime:5)
  2 eleionomae
  A mummy priest (Crypt:3)
  The ghost of petercordia5 the Cleaver, a journeyman PaWn of Uskayaw (D:11)
  10 merfolk impalers
  5 jiangshi
  18 fire dragons
  23 yaktaur captains
  45 vault guards
  13 ice dragons
  9 rakshasas
  6 deep elf high priests
  A hell beast (Zig:17)
  2 merfolk avatars
  A quicksilver dragon skeleton (Zig:16)
  6 death knights
  10 anacondas
  Erica (Lair:1)
  24 naga warriors
  2 alligator snapping turtles (Zig:14)
  An alligator (shapeshifter) (Vaults:1)
  7 spriggan air magi
  18 hydras
  4 boulder beetles
  A ghost crab (Gauntlet)
  11 centaur warriors
  2 merfolk aquamancers
  20 dancing weapons
  2 alligators
  5 satyrs (Shoals:4)
  16 ogre magi
  59 two-headed ogres
  6 death yaks (Lair:6)
  3 spriggan berserkers
  5 vampire magi
  15 deep troll shamans
  4 tengu warriors
  Urug (D:13)
  24 naga sharpshooters
  5 thrashing horrors
  12 deep troll earth magi
  3 titan zombies
  5 sun demons
  9 soul eaters
  18 shock serpents
  21 deep elf knights
  Sonja (Lair:2)
  5 orc high priests
  A titan skeleton (Crypt:3)
  2 sixfirhies
  3 wretched stars
  24 skeletal warriors
  Nergalle (Lair:1)
  6 hell knights
  3 goliath frogs
  2 golden dragon zombies
  2 spatial maelstroms
  6 sea snakes
  10 salamander mystics
  3 unseen horrors
  16 glowing orange brains
  7 iron trolls
  4 shadow wraiths
  A spriggan druid (Zig:14)
  2 storm dragon skeletons
  2 death drakes (shapeshifter)
  2 glowing orange brains (shapeshifter)
  11 naga ritualists
  A sea snake (shapeshifter) (Zig:11)
  6 wizards
  A wolf spider zombie (D:15)
  An anaconda skeleton (Crypt:3)
  8 swamp dragons
  22 deep trolls
  A shadow demon (Zig:17)
  27 phantasmal warriors
  An orange crystal statue (Vaults:3)
  22 deep elf archers
  A golden dragon skeleton (Zig:16)
  19 ironbrand convokers
  27 orc knights
  A shadow dragon zombie (Depths:3)
  5 flayed ghosts
  3 sphinx zombies
  2 harpies
  A shadow dragon skeleton (Vaults:5)
  21 necromancers
  7 orc sorcerers
  2 stone giant zombies (Crypt:3)
  65 ugly things
  58 deep elf magi
  17 mana vipers
  12 cyclopes
  10 wolf spiders
  An orb spider (Zig:14)
  29 fauns
  A fire giant zombie (Crypt:3)
  A tengu skeleton (Depths:1)
  7 shining eyes
  23 salamanders
  3 iron dragon zombies
  4 worldbinders
  17 manticores
  4 will-o-the-wisps
  A cyclops (shapeshifter) (Zig:12)
  A stone giant skeleton (Crypt:2)
  2 fire giant skeletons
  5 salamanders (shapeshifter)
  A manticore (shapeshifter) (Depths:2)
  4 elephants (Lair:5)
  A frost giant skeleton (Vaults:5)
  12 merfolk sirens
  An iron dragon skeleton (Crypt:3)
  A rust devil (Depths:3)
  2 moths of wrath (Zig:14)
  22 naga magi
  An apocalypse crab (Zig:18)
  2 spriggan zombies (Zig:16)
  10 vault sentinels
  48 black mambas
  An eye of devastation (Zig:16)
  5 gargoyles
  A titan simulacrum (Depths:3)
  A water nymph (shapeshifter) (Zig:12)
  3 smoke demons
  Psyche (D:11)
  An eye of devastation (shapeshifter) (Zig:12)
  An orange demon (Zig:17)
  3 ice statues (IceCv)
  A spriggan skeleton (Zig:16)
  7 guardian serpents
  Maggie (Lair:1)
  A torpor snail (Zig:14)
  6 water nymphs
  14 cane toads
  A spectral sea snake (Shoals:1)
  A sea snake zombie (Crypt:1)
  An emperor scorpion zombie (Crypt:3)
  A rime drake (shapeshifter) (Depths:4)
  3 rime drakes
  4 efreet
  15 hellwings
  9 komodo dragons
  75 yaktaurs
  25 freezing wraiths
  7 ice devils
  2 tormentors (Zig:17)
  A catoblepas skeleton (Crypt:2)
  3 spectral merfolk (Shoals:1)
  A purple draconian skeleton (Crypt:2)
  A golden dragon simulacrum (Vaults:5)
  2 silent spectres (Zig:18)
  2 hydra zombies
  32 merfolk
  2 harpy zombies (Crypt:3)
  3 meliai (D:14)
  3 tengu conjurers
  4 polar bears
  6 jumping spiders
  5 ancient zymes
  A tengu simulacrum (Depths:3)
  9 wind drakes
  A guardian mummy (Crypt:3)
  9 trolls
  3 tyrant leeches
  A meliai (shapeshifter) (Depths:3)
  A yaktaur skeleton (Depths:1)
  2 wind drakes (shapeshifter)
  A polar bear (shapeshifter) (Vaults:5)
  7 snapping turtles
  A hornet (shapeshifter) (Gauntlet)
  A hydra skeleton (Crypt:3)
  A raiju (shapeshifter) (Vaults:3)
  2 ice dragon zombies
  A frost giant simulacrum (Vaults:3)
  6 hornets
  104 slime creatures
  A spectral manticore (Shoals:1)
  4 raiju
  3 harpy skeletons
  A satyr zombie (Crypt:1)
  2 ettin zombies (Crypt:3)
  22 blink frogs
  A snapping turtle (shapeshifter) (Zig:11)
  A stone giant simulacrum (Vaults:3)
  7 dream sheep
  9 flying skulls
  A black mamba zombie (Crypt:3)
  An ettin skeleton (Crypt:3)
  2 spriggans
  A shadow (D:13)
  A guardian serpent skeleton (Crypt:1)
  A boulder beetle zombie (Crypt:2)
  A ynoxinul (Zig:7)
  A fire dragon skeleton (Crypt:2)
  10 wyverns
  16 redbacks
  An ice dragon skeleton (Crypt:3)
  11 wraiths
  2 ushabtiu (Crypt:3)
  18 water elementals
  2 air elementals
  33 large abominations
  4 neqoxecs
  41 yaks
  2 basilisks (shapeshifter) (Vaults:3)
  4 basilisks
  6 golden eyes
  3 fire elementals (Elf:1)
  Grum (D:10)
  4 chaos spawn
  A steam dragon (D:9)
  A sea snake simulacrum (Shoals:1)
  A hog (shapeshifter) (Vaults:3)
  A faun zombie (Crypt:2)
  4 vampire mosquitoes (D:14)
  2 spatial vortices (Abyss:3)
  A naga (shapeshifter) (Depths:5)
  An elf skeleton (Zig:16)
  16 wargs
  A wind drake skeleton (Crypt:2)
  56 nagas
  6 acid dragons
  A spectral snapping turtle (Shoals:1)
  A soldier ant (D:11)
  A floating eye (shapeshifter) (Depths:2)
  A two-headed ogre zombie (Crypt:2)
  An infernal demonspawn zombie (Crypt:1)
  33 water moccasins
  2 floating eyes
  A torturous demonspawn skeleton (Crypt:1)
  68 orc warriors
  An elephant zombie (Crypt:1)
  4 swamp drakes
  4 sky beasts
  2 eyes of draining
  A fire dragon simulacrum (Crypt:1)
  11 ice beasts
  6 black bears
  A hornet zombie (D:13)
  A black bear (shapeshifter) (Vaults:2)
  4 phantoms
  A cane toad skeleton (Crypt:1)
  A manticore zombie (Crypt:1)
  2 necrophages
  An eye of draining (shapeshifter) (Gauntlet)
  37 ogres
  5 boggarts
  12 wolves
  18 centaurs
  A snapping turtle skeleton (Crypt:3)
  4 big kobolds
  A bullfrog (shapeshifter) (Vaults:4)
  15 small abominations
  2 elf zombies
  14 bullfrogs
  Blork the orc (D:6)
  A salamander skeleton (Crypt:2)
  A wyvern zombie (D:6)
  3 earth elementals
  8 wyvern skeletons
  7 scorpions
  A hornet simulacrum (D:13)
  2 merfolk simulacra (Shoals:1)
  A snapping turtle simulacrum (Shoals:1)
  14 wights
  11 killer bees
  A yak zombie (Crypt:2)
  2 jellies (D:9)
  5 howler monkeys
  2 electric eels (Lair:6)
  2 crimson imps (Depths:3)
  A bullfrog zombie (D:5)
  8 centaur zombies
  A wyvern simulacrum (D:15)
  19 orc priests
  5 bullfrog skeletons
  2 human zombies (Ossuary)
  5 hounds
  27 orc wizards
  7 centaur skeletons
  10 iguanas
  4 hell rats (Lair:5)
  8 worker ants
  A big kobold zombie (Ossuary)
  2 tengu zombies
  5 mummies
  5 hound zombies
  A hound skeleton (D:4)
  A worker ant zombie (D:7)
  A steam dragon zombie (Crypt:2)
  17 adders
  5 shadow imps
  5 white imps
  5 ufetubi
  An ooze (D:4)
  5 adder zombies (Ossuary)
  An adder skeleton (D:9)
  6 worms
  2 dart slugs
  6 leopard geckos
  111 orcs
  7 giant cockroaches
  3 gnoll zombies (Ossuary)
  18 goblins
  9 hobgoblins
  A hobgoblin (shapeshifter) (Gauntlet)
  5 jackals
  4 quokkas
  9 bats
  7 frilled lizards
  A frilled lizard skeleton (Crypt:2)
  4 goblin zombies (Ossuary)
  5 hobgoblin zombies (Ossuary)
  2 jackal zombies
  31 kobolds
  3 kobold zombies (Ossuary)
  A leopard gecko skeleton (D:4)
  A quokka skeleton (Crypt:1)
  2 quokka zombies (Ossuary)
  7 rats
  A rat zombie (Ossuary)
  15 crawling corpses
  11 fire vortices
  4 macabre masses (Abyss:3)
  A plant (Shoals:2)
  4 starspawn tentacles (Abyss:3)
  2 tentacles (Shoals:2)
3080 creatures vanquished.

Vanquished Creatures (collateral kills)
  A Killer Klown (Zig:12)
  An acid blob (Slime:5)
  A storm dragon (Zig:4)
  A will-o-the-wisp (Zig:3)
  A guardian serpent (Snake:4)
5 creatures vanquished.

Vanquished Creatures (others)
  A fire dragon (Depths:2)
  An ice dragon (Depths:5)
  A deep elf knight (Elf:3)
  A swamp dragon (Zig:9)
  A bloated husk (Zig:9)
  51 fire vortices
  100 fungi
  355 plants
  5 starspawn tentacles (Abyss:3)
  6 tentacles (Shoals:2)
  35 withered plants
557 creatures vanquished.

Grand Total: 3642 creatures vanquished

Notes
Turn   | Place    | Note
-------+----------+-------------------------------------------
     0 | D:1      | Niju the Gargoyle Earth Elementalist began the quest for
                  | the Orb.
     0 | D:1      | Reached XP level 1. HP: 10/10 MP: 3/3
    15 | D:1      | Found a shimmering altar of Xom.
   345 | D:1      | Reached XP level 2. HP: 15/15 MP: 5/5
   844 | D:1      | Reached XP level 3. HP: 19/19 MP: 6/6
   848 | D:1      | Learned a level 3 spell: Stone Arrow
  1632 | D:2      | Reached skill level 1 in Conjurations
  1773 | D:2      | Reached XP level 4. HP: 12/24 MP: 8/8
  2637 | D:3      | Gained mutation: Scrolls take you a little longer to read.
                  | [potion of mutation]
  2637 | D:3      | Gained mutation: You have a pair of small antennae on your
                  | head. [potion of mutation]
  2734 | D:3      | Reached skill level 5 in Earth Magic
  2926 | D:3      | Reached XP level 5. HP: 21/28 MP: 10/10
  3458 | D:3      | Reached XP level 6. HP: 32/32 MP: 11/11
  3909 | D:4      | Identified the Collected Works on the Glacier and Poisoning
  4104 | D:4      | Found a basalt altar of Yredelemnul.
  5069 | D:5      | Entered Level 5 of the Dungeon
  5105 | D:5      | Reached XP level 7. HP: 35/36 MP: 13/13
  5487 | D:5      | Found a staircase to the Ecumenical Temple.
  5533 | D:5      | Found a sand-covered staircase.
  5537 | Ossuary  | Entered an ossuary
  6421 | Ossuary  | Reached skill level 5 in Spellcasting
  6615 | Ossuary  | Reached XP level 8. HP: 37/41 MP: 15/15
  6715 | Temple   | Entered the Ecumenical Temple
  6981 | Temple   | Became a worshipper of Vehumet
  7040 | D:5      | Reached skill level 5 in Conjurations
  7109 | D:5      | Learned a level 5 spell: Lee's Rapid Deconstruction
  7585 | D:5      | Reached skill level 1 in Fighting
  7585 | D:5      | Reached skill level 1 in Maces & Flails
  7585 | D:5      | Reached skill level 1 in Armour
  7585 | D:5      | Reached skill level 1 in Evocations
  7837 | D:6      | Noticed Blork the orc
  8046 | D:6      | Found a stormy altar of Qazlal.
  8071 | D:6      | Found a hazy altar of Hepliaklqana.
  8190 | D:6      | Found a shadowy altar of Dithmenos.
  8190 | D:6      | Noticed a shadow
  8219 | D:6      | Got a wavering jade ring
  8221 | D:6      | Identified the ring "Fumo" {rElec rF+ Will+} (You found it
                  | on level 6 of the Dungeon)
  8309 | D:6      | Killed Blork the orc
  8886 | D:6      | Found Cyorchink's Antique Armour Shop.
  8889 | D:6      | Bought a faintly humming leather armour for 140 gold pieces
  8889 | D:6      | Bought a pair of scorched boots for 190 gold pieces
  8899 | D:6      | Identified the +0 pair of boots "Gywala" {Regen+ Int+3}
                  | (You bought it in a shop on level 6 of the Dungeon)
  8909 | D:6      | Identified the +3 leather armour of Midsummer {-Tele rN+++
                  | Str-3 Dex+9} (You bought it in a shop on level 6 of the
                  | Dungeon)
  9140 | D:7      | Reached XP level 9. HP: 49/49 MP: 17/17
  9147 | D:7      | Learned a level 3 spell: Mephitic Cloud
  9194 | D:7      | Reached * piety under Vehumet
  9194 | D:7      | Offered knowledge of Foxfire by Vehumet.
  9325 | D:7      | Found a flagged portal.
  9358 | Bailey   | Entered a bailey
  9745 | Bailey   | Noticed an orc knight
 10520 | Bailey   | Killed an orc knight
 10659 | Bailey   | Found a burning altar of Makhleb.
 10792 | D:7      | Learned a level 6 spell: Iron Shot
 10810 | D:7      | Found Neapsid's Weapon Shoppe.
 10865 | D:7      | Reached ** piety under Vehumet
 10865 | D:7      | Offered knowledge of Shock by Vehumet.
 11119 | D:7      | Reached XP level 10. HP: 56/56 MP: 19/19
 12001 | D:8      | Noticed a two-headed ogre
 12007 | D:8      | Killed a two-headed ogre
 12007 | D:8      | Offered knowledge of Static Discharge by Vehumet.
 12200 | D:8      | Found a bloodstained altar of Trog.
 12518 | D:9      | Got a twisted short sword
 12518 | D:9      | Identified the +2 short sword "Puleqeagg" {vorpal, Fragile
                  | Dex+7 SInv} (You found it on level 9 of the Dungeon)
 12634 | D:9      | Noticed a two-headed ogre
 12635 | D:9      | Noticed a two-headed ogre
 12654 | D:9      | Killed a two-headed ogre
 12655 | D:9      | Killed a two-headed ogre
 12655 | D:9      | Reached *** piety under Vehumet
 12656 | D:9      | Reached skill level 5 in Armour
 12673 | D:9      | Reached skill level 5 in Fighting
 12687 | D:9      | Noticed a two-headed ogre
 12692 | D:9      | Killed a two-headed ogre
 12693 | D:9      | Reached XP level 11. HP: 60/64 MP: 21/21
 12843 | D:9      | Found a sparkling altar of Nemelex Xobeh.
 12901 | D:9      | Reached skill level 5 in Maces & Flails
 13109 | D:9      | Found a snail-covered altar of Cheibriados.
 13239 | D:9      | Offered knowledge of Fulminant Prism by Vehumet.
 13377 | D:9      | Found a white marble altar of Elyvilon.
 13454 | D:10     | Entered Level 10 of the Dungeon
 13744 | D:10     | Found a staircase to the Lair.
 13771 | D:10     | Reached **** piety under Vehumet
 13866 | D:10     | Offered knowledge of Airstrike by Vehumet.
 13920 | D:10     | Noticed a cyclops
 13943 | D:10     | Killed a cyclops
 14103 | D:10     | Found a staircase to the Orcish Mines.
 14106 | D:10     | Noticed Grum
 14112 | D:10     | Reached skill level 5 in Evocations
 14113 | D:10     | Killed Grum
 14414 | D:10     | Found Astex's Distillery.
 14421 | D:10     | Bought a potion of curing for 36 gold pieces
 14421 | D:10     | Bought a potion of brilliance for 48 gold pieces
 14421 | D:10     | Bought 2 potions of invisibility for 192 gold pieces
 14421 | D:10     | Bought a potion of curing for 36 gold pieces
 14421 | D:10     | Bought a potion of heal wounds for 60 gold pieces
 14535 | D:11     | Reached skill level 5 in Dodging
 14537 | D:11     | Killed an unseen horror
 14539 | D:11     | Reached skill level 10 in Earth Magic
 14673 | D:11     | Noticed Snorg
 14701 | D:11     | Noticed Psyche
 14706 | D:11     | Killed Psyche
 14707 | D:11     | Noticed a cyclops
 14730 | D:11     | Killed a cyclops
 14803 | D:11     | Killed Snorg
 14804 | D:11     | Reached XP level 12. HP: 71/71 MP: 23/23
 14865 | D:11     | Identified Sif Muna's Grimoire of Transmutation
 14871 | D:11     | Found Ponophej's Antique Weapon Boutique.
 14898 | D:11     | Found a portal to a secret trove of treasure.
 15007 | D:11     | Found a transporter.
 15007 | D:11     | Noticed petercordia5's ghost (journeyman PaWn)
 15009 | D:11     | Found a transporter.
 15011 | D:11     | Identified the +2 dire flail of Indomitability {vorpal,
                  | Str+7}
 15011 | D:11     | Identified the +8 dire flail "Impbane" {drain, Int+4
                  | Stlth+}
 15011 | D:11     | Noticed a two-headed ogre
 15185 | D:12     | Reached ***** piety under Vehumet
 15185 | D:12     | Offered knowledge of Sticky Flame by Vehumet.
 15605 | D:12     | Learned a level 5 spell: Bolt of Magma
 15929 | D:12     | Noticed a two-headed ogre
 15934 | D:12     | Killed a two-headed ogre
 16464 | D:13     | Noticed a boulder beetle
 16469 | D:13     | HP: 3/72 [yaktaur/bolt (14)]
 16490 | D:13     | Killed a boulder beetle
 16579 | D:13     | Noticed a centaur warrior
 16587 | D:13     | Killed a centaur warrior
 16594 | D:13     | Noticed a centaur warrior
 16604 | D:13     | Killed a centaur warrior
 16617 | D:13     | Noticed a centaur warrior
 16632 | D:13     | Killed a centaur warrior
 16633 | D:13     | Reached XP level 13. HP: 34/78 MP: 8/25
 17213 | D:13     | Noticed Urug
 17247 | D:13     | Killed Urug
 18146 | D:14     | Lost mutation: Scrolls take you a little longer to read.
                  | [potion of mutation]
 18146 | D:14     | Lost mutation: You have a pair of small antennae on your
                  | head. [potion of mutation]
 18146 | D:14     | Gained mutation: You can translocate small distances at
                  | will. [potion of mutation]
 18146 | D:14     | Gained mutation: You are agile. (Dex +2) [potion of
                  | mutation]
 18396 | D:14     | Noticed Frances
 18403 | D:14     | Killed Frances
 18403 | D:14     | Offered knowledge of Irradiate by Vehumet.
 18411 | D:14     | Learned a level 5 spell: Irradiate
 18525 | D:14     | Reached skill level 10 in Conjurations
 18682 | D:14     | Noticed a vault guard
 18689 | D:14     | Killed a vault guard
 18765 | D:14     | Noticed a vault guard
 18769 | D:14     | Killed a vault guard
 18823 | D:14     | Noticed a vault guard
 18829 | D:14     | Found a gate to the Vaults.
 18846 | D:14     | Killed a vault guard
 18851 | D:14     | Noticed a vault guard
 18856 | D:14     | Gained mutation: Your large and strong wings let you fly
                  | indefinitely. [Gargoyle growth]
 18856 | D:14     | Reached XP level 14. HP: 62/84 MP: 9/27
 19819 | Lair:1   | Entered Level 1 of the Lair of Beasts
 20027 | Lair:1   | Noticed Erica
 20031 | Lair:1   | Killed Erica
 20263 | Lair:1   | Noticed Nergalle
 20276 | Lair:1   | Killed Nergalle
 20598 | Lair:1   | Noticed Maggie
 20602 | Lair:1   | Killed Maggie
 21074 | Lair:2   | Offered knowledge of Lightning Bolt by Vehumet.
 21098 | Lair:2   | Noticed Sonja
 21110 | Lair:2   | Killed Sonja
 21543 | Lair:2   | You fall into a shaft and drop 2 floors!
 21616 | Lair:4   | Got a masterwork great mace
 21625 | Lair:4   | Found a gate leading to a gauntlet.
 21635 | Gauntlet | Entered a Gauntlet
 21635 | Gauntlet | Found a transporter.
 21635 | Gauntlet | Found a transporter.
 21636 | Gauntlet | Found a transporter.
 21638 | Gauntlet | Found a transporter.
 21639 | Gauntlet | Found a transporter.
 21649 | Gauntlet | Found a transporter.
 21715 | Gauntlet | Found a transporter.
 21727 | Gauntlet | Found a transporter.
 21741 | Gauntlet | Found a transporter.
 21743 | Gauntlet | Found a large runed translucent door.
 21744 | Gauntlet | Found a large runed translucent door.
 21745 | Gauntlet | Found a large runed translucent door.
 21745 | Gauntlet | Found a large runed translucent door.
 21745 | Gauntlet | Found a runed translucent door.
 21745 | Gauntlet | Found a runed translucent door.
 21746 | Gauntlet | Found a large runed translucent door.
 21747 | Gauntlet | Found a large runed translucent door.
 21748 | Gauntlet | Found a large runed translucent door.
 21748 | Gauntlet | Found a large runed translucent door.
 21749 | Gauntlet | Found a runed translucent gate.
 21749 | Gauntlet | Found a runed translucent gate.
 21749 | Gauntlet | Found a runed translucent gate.
 21751 | Gauntlet | Found a transporter.
 21760 | Gauntlet | Found a large runed translucent door.
 21760 | Gauntlet | Found a large runed translucent door.
 21761 | Gauntlet | Found a large runed translucent door.
 21762 | Gauntlet | Found a large runed translucent door.
 21766 | Gauntlet | Found a transporter.
 21772 | Gauntlet | Found a transporter.
 21804 | Gauntlet | Found a large runed translucent door.
 21805 | Gauntlet | Found a large runed translucent door.
 21806 | Gauntlet | Found a large runed translucent door.
 21806 | Gauntlet | Found a large runed translucent door.
 22070 | Gauntlet | Identified the +9 great mace "Spiderbane" {venom, rC++}
                  | (You found it on level 4 of the Lair of Beasts)
 22089 | Gauntlet | Identified the +7 rapier of the Big Bang {holy, Will- Str+4
                  | Dex+4}
 22119 | Gauntlet | Identified the Compendium of the Glacier
 22148 | Gauntlet | Got a slimy iron ring
 22151 | Gauntlet | Identified the ring "Zutsabac" {*Corrode rElec rF++ rN+
                  | Str+9} (You found it in a Gauntlet)
 22225 | Lair:3   | Got a smouldering leather armour
 22258 | Lair:3   | Reached XP level 15. HP: 62/92 MP: 22/28
 22260 | Lair:3   | Reached skill level 10 in Fighting
 22319 | Lair:3   | Reached XP level 16. HP: 97/97 MP: 29/29
 22344 | Lair:3   | Found a staircase to the Shoals.
 22367 | Lair:3   | Identified the +0 leather armour of Ciaxeigu {+Inv rElec
                  | Dex+4} (You found it on level 3 of the Lair of Beasts)
 22621 | Lair:3   | Reached skill level 10 in Spellcasting
 23013 | Lair:3   | Found a staircase to the Snake Pit.
 23772 | Lair:4   | Got a transparent robe
 23782 | Lair:4   | Identified the +1 robe of Ru's Pride {-Cast rN++ Str+5}
                  | (You found it on level 4 of the Lair of Beasts)
 25380 | Lair:5   | Found a staircase to the Slime Pits.
 25558 | Lair:6   | Entered Level 6 of the Lair of Beasts
 26408 | Lair:6   | Offered knowledge of Fireball by Vehumet.
 26794 | Lair:6   | Reached skill level 10 in Maces & Flails
 27449 | Orc:1    | Entered Level 1 of the Orcish Mines
 27990 | Orc:2    | Entered Level 2 of the Orcish Mines
 27999 | Orc:2    | Reached ****** piety under Vehumet
 28071 | Orc:2    | Found a staircase to the Elven Halls.
 28082 | Orc:2    | Offered knowledge of Starburst by Vehumet.
 28215 | Orc:2    | Learned a level 6 spell: Starburst
 28219 | Orc:2    | Found a roughly hewn altar of Beogh.
 28228 | Orc:2    | Reached XP level 17. HP: 103/103 MP: 24/31
 28286 | Orc:2    | Found a frozen archway.
 28297 | IceCv    | Entered an ice cave
 28646 | Orc:2    | Found Alousys's Armour Emporium.
 28647 | Orc:2    | Found Tuumaol's Armour Shop.
 28908 | Orc:2    | Found Yvaupric's Armour Shop.
 28908 | Orc:2    | Found Yjiclo's Gadget Emporium.
 29339 | Orc:2    | Found a roughly hewn altar of Beogh.
 29531 | D:15     | Entered Level 15 of the Dungeon
 29545 | D:14     | Offered knowledge of Conjure Ball Lightning by Vehumet.
 29760 | D:15     | Got a scintillating glass ring
 29761 | D:15     | Identified the ring of Giyt {rElec Will+ Dex+4} (You found
                  | it on level 15 of the Dungeon)
 30051 | D:15     | Found Eboipom's Magic Scroll Shop.
 30060 | D:15     | Bought a scroll of identify for 26 gold pieces
 30060 | D:15     | Bought a scroll of identify for 26 gold pieces
 30060 | D:15     | Bought a scroll of identify for 26 gold pieces
 30060 | D:15     | Bought 2 scrolls of identify for 52 gold pieces
 30285 | D:15     | Found a runed translucent gate.
 30285 | D:15     | Found a runed translucent gate.
 30285 | D:15     | Found a runed translucent gate.
 30286 | D:15     | Noticed Munteil's ghost (journeyman DgFi)
 30311 | D:15     | Killed Munteil's ghost
 30389 | D:15     | Identified a scroll of acquirement
 30389 | D:15     | Acquired 1212 gold pieces
 30394 | D:15     | Got a dazzling hat
 30404 | D:15     | Identified the +2 hat of the Imp {rF+} (You found it on
                  | level 15 of the Dungeon)
 30683 | D:15     | Found a staircase to the Depths.
 30792 | D:15     | Upgraded the game from 0.27-a0-78-g75406f0b48 to
                  | 0.27-a0-91-g4f573a835d
 31134 | Snake:1  | Entered Level 1 of the Snake Pit
 32040 | Snake:1  | Reached skill level 10 in Evocations
 32069 | Snake:1  | Offered knowledge of Lehudib's Crystal Spear by Vehumet.
 32283 | Snake:1  | Reached skill level 10 in Fire Magic
 32631 | Snake:1  | Reached XP level 18. HP: 94/110 MP: 33/33
 33941 | Snake:3  | Offered knowledge of Fire Storm by Vehumet.
 33941 | Snake:3  | Offered knowledge of Ignition by Vehumet.
 33941 | Snake:3  | Offered knowledge of Absolute Zero by Vehumet.
 33961 | Snake:2  | Learned a level 8 spell: Ignition
 34268 | Snake:3  | Acquired 798 gold pieces
 34609 | Snake:4  | Entered Level 4 of the Snake Pit
 35137 | Snake:4  | Noticed Vashnia
 35147 | Snake:4  | Reached XP level 19. HP: 78/116 MP: 34/34
 35152 | Snake:4  | HP: 4/116 [salamander/+0 halberd of venom (2)]
 35269 | Snake:4  | Found a glowing golden altar of the Shining One.
 36177 | Snake:4  | Killed Vashnia
 36178 | Snake:4  | Reached skill level 15 in Fire Magic
 36835 | Snake:4  | Got a serpentine rune of Zot
 36844 | Snake:4  | Identified the +1 leather armour of Spite {-Cast rC+++
                  | Dex+9 Stlth-} (You found it on level 4 of the Snake Pit)
 37096 | Shoals:1 | Entered Level 1 of the Shoals
 37277 | Shoals:1 | Noticed Donald
 37419 | Shoals:1 | Killed Donald
 37604 | Shoals:1 | Found a runed translucent gate.
 37605 | Shoals:1 | Found a runed translucent gate.
 37614 | Shoals:1 | Found a runed translucent gate.
 37930 | Shoals:1 | Noticed tape's ghost (adept FoAK)
 37945 | Shoals:1 | Killed tape's ghost
 38838 | Shoals:2 | Reached XP level 20. HP: 122/122 MP: 30/35
 39871 | Shoals:3 | Found a runed translucent gate.
 39872 | Shoals:3 | Found a runed translucent gate.
 39960 | Shoals:3 | Found Meriuf's Antique Weapon Shop.
 40022 | Shoals:3 | Found a runed translucent gate.
 40023 | Shoals:3 | Noticed Caigor's ghost (adept HuAr)
 40151 | Shoals:4 | Entered Level 4 of the Shoals
 40467 | Shoals:4 | Got a barnacled rune of Zot
 40752 | Shoals:4 | Acquired 350 gold pieces
 41834 | Vaults:1 | Entered Level 1 of the Vaults
 41929 | Vaults:1 | Found a runed translucent gate.
 41929 | Vaults:1 | Noticed Jiak's ghost (adept DsCj)
 41930 | Vaults:1 | Found a runed translucent gate.
 41930 | Vaults:1 | Found a runed translucent gate.
 41932 | Vaults:1 | Found a roughly hewn altar of Beogh.
 41973 | Vaults:1 | Killed Jiak's ghost
 42625 | Vaults:1 | Reached XP level 21. HP: 122/127 MP: 36/36
 43865 | Vaults:2 | Noticed Aizul
 43870 | Vaults:2 | Killed Aizul
 43870 | Vaults:2 | Paralysed by a great orb of eyes for 3 turns
 44135 | Vaults:2 | Noticed Frederick
 44146 | Vaults:2 | Killed Frederick
 44636 | Vaults:2 | Reached skill level 10 in Dodging
 45118 | Vaults:2 | Reached skill level 15 in Earth Magic
 45538 | Elf:1    | Entered Level 1 of the Elven Halls
 45669 | Orc:2    | Bought a wand of acid (6) for 300 gold pieces
 46172 | Elf:1    | Reached XP level 22. HP: 115/133 MP: 37/37
 46209 | Elf:1    | Found a runed translucent gate.
 46209 | Elf:1    | Found a runed translucent gate.
 46209 | Elf:1    | Found a runed translucent gate.
 46209 | Elf:1    | Found a runed translucent gate.
 46209 | Elf:1    | Found a runed translucent gate.
 46211 | Elf:1    | Found a runed translucent gate.
 47079 | Elf:2    | Found a huge runed translucent gate.
 47079 | Elf:2    | Found a huge runed translucent gate.
 47080 | Elf:2    | Found a huge runed translucent gate.
 47081 | Elf:2    | Found a huge runed translucent gate.
 47084 | Elf:2    | Found a huge runed translucent gate.
 47565 | Elf:3    | Entered Level 3 of the Elven Halls
 47948 | Elf:3    | Found Ipixet's One-of-a-Kind Books.
 48083 | Elf:3    | Identified the +7 lajatang of War {freeze, rN+ Str+4 Int+3}
 48083 | Elf:3    | Identified the +1 leather armour of the Lost Path {rC+
                  | Str+3 Dex+7}
 48084 | Elf:3    | Identified the +8 war axe of Skirmishing {vorpal, +Blink
                  | Str+2}
 48084 | Elf:3    | Identified the cursed +1 robe "Zurgh" {Will++ Str+4 Int-2
                  | Slay+3}
 48675 | D:11     | You paid a toll of a +6 demon trident to enter a treasure
                  | trove
 48676 | Trove    | Entered a treasure trove
 48689 | Trove    | Got a pitted brass ring
 48700 | Trove    | Got a steaming emerald amulet
 48715 | Trove    | Identified the ring of Suicidal Tendencies {Will+++ rCorr}
                  | (You found it in a treasure trove)
 48716 | Trove    | Identified the amulet "Rainuyss" {Acrobat Int+6} (You found
                  | it in a treasure trove)
 48717 | Trove    | Identified the +0 pair of gloves of Impermeability {-Tele
                  | rF+ Int+3 SInv} (You found it in a treasure trove)
 48773 | D:11     | Killed petercordia5's ghost
 48777 | D:11     | Identified the Compendium of Creative Transformation
 49264 | Elf:3    | Cast into level 3 of the Abyss (a deep elf sorcerer)
 49573 | Elf:3    | Escaped the Abyss
 49784 | Elf:3    | Identified the cursed +1 spear "Joavam" {flame, Dex+5}
 49784 | Elf:3    | Identified the +1 leather armour of Valiance {Rampage rCorr
                  | Slay-4}
 49784 | Elf:3    | Identified the +5 kite shield "Suggoal" {rF+ Int+7 Dex-3}
 49877 | Elf:3    | Identified the +10 war axe of Zyhikiewk {elec, rC+ rN+
                  | Int-5}
 50011 | Elf:3    | Reached XP level 23. HP: 140/140 MP: 39/39
 50712 | Elf:3    | Found Ipixet's One-of-a-Kind Books.
 52167 | Vaults:3 | Identified the Volume of Evil Confrontation
 52515 | Vaults:3 | Found a staircase to the Crypt.
 53680 | Vaults:4 | Reached XP level 24. HP: 148/148 MP: 39/39
 54770 | Vaults:5 | Entered Level 5 of the Vaults
 54770 | Vaults:5 | Noticed Jory
 54773 | Vaults:5 | Noticed an ancient lich
 55062 | Vaults:4 | Learned a level 9 spell: Shatter
 55066 | Vaults:5 | Noticed Sojobo
 55069 | Vaults:5 | Killed Jory
 55069 | Vaults:5 | Killed an ancient lich
 55070 | Vaults:5 | Killed Sojobo
 55079 | Vaults:5 | Identified the +8 great sword "Dragonbane" {vorpal, +Blink
                  | rElec rF++ Dex-4}
 55086 | Vaults:5 | Noticed an ancient lich
 55089 | Vaults:5 | Killed an ancient lich
 55252 | Vaults:5 | Reached XP level 25. HP: 108/152 MP: 39/39
 55253 | Vaults:5 | Noticed an ancient lich
 55257 | Vaults:5 | Killed an ancient lich
 55372 | Vaults:5 | Reached skill level 15 in Conjurations
 55372 | Vaults:5 | Noticed Mennas
 55424 | Vaults:4 | Learned a level 9 spell: Fire Storm
 55541 | Vaults:5 | Identified the +4 great mace of Huagy {spect, rElec Str-4
                  | Dex+7}
 55541 | Vaults:5 | Identified the +4 great mace of Huagy {spect, rElec Str-4
                  | Dex+7}
 55704 | Vaults:5 | Identified the Handbook of the Blaze and Orientation
 55724 | Vaults:5 | Identified the +5 mace "Saaruak" {drain, rElec rN+ Str+2}
 55804 | Vaults:5 | Identified the amulet of Dothazab {Faith rN+}
 55825 | Vaults:5 | Identified the ring of Summertime {rElec SInv}
 55841 | Vaults:5 | Identified the cursed +1 bardiche "Araaluck" {chaos, Dex+6
                  | Stlth+}
 56027 | Vaults:5 | Identified the Catalogue of Warped Stolen Souls
 56332 | Vaults:5 | Identified the ring of the Jumping Madman {*Tele Int+3
                  | Slay+3}
 56362 | Vaults:5 | Killed Mennas
 56630 | Vaults:5 | Got a silver rune of Zot
 57106 | Vaults:5 | Upgraded the game from 0.27-a0-91-g4f573a835d to
                  | 0.27-a0-93-g19769c27d7
 57181 | Vaults:5 | Identified the +3 quarterstaff of Exhibitionism {speed,
                  | rPois rF- rC+++ Int+5} (You found it on level 5 of the
                  | Vaults)
 57640 | Crypt:1  | Entered Level 1 of the Crypt
 57699 | Crypt:1  | Noticed Khufu
 57703 | Crypt:1  | Noticed a royal mummy
 58079 | Crypt:1  | Killed a royal mummy
 58081 | Crypt:1  | Noticed a royal mummy
 58090 | Vaults:3 | Killed Khufu
 58229 | Crypt:1  | Killed a royal mummy
 58230 | Crypt:1  | Reached skill level 15 in Fighting
 58369 | Crypt:1  | Found an ancient bone altar of Kikubaaqudgha.
 58418 | Crypt:1  | Noticed Bai Suzhen
 58458 | Crypt:1  | Killed Bai Suzhen
 59070 | Crypt:1  | Reached XP level 26. HP: 161/161 MP: 31/40
 60610 | Crypt:3  | Entered Level 3 of the Crypt
 61273 | Crypt:3  | Found a staircase to the Tomb.
 61466 | Crypt:3  | Found an ancient bone altar of Kikubaaqudgha.
 62108 | Crypt:3  | Noticed an ancient lich
 62111 | Crypt:3  | Killed an ancient lich
 62134 | Crypt:3  | Identified the Almanac of Transmutation and Damage Dealing
 62172 | Crypt:3  | Identified the +4 spear "Gealyo Voxu" {flame, Int+4}
 62178 | Crypt:3  | Reached skill level 15 in Maces & Flails
 62542 | Crypt:3  | Identified the +3 leather armour "Bihe Bei" {rCorr Int+2}
                  | (You found it on level 3 of the Crypt)
 63064 | Slime:1  | Entered Level 1 of the Pits of Slime
 63073 | Slime:2  | Noticed Dissolution
 63080 | Slime:1  | Killed Dissolution
 63174 | Slime:2  | Reached XP level 27. HP: 135/169 MP: 41/41
 63648 | Slime:5  | Entered Level 5 of the Pits of Slime
 63919 | Slime:5  | Noticed the Royal Jelly
 63923 | Slime:5  | Killed the Royal Jelly
 63924 | Slime:5  | Reached skill level 15 in Spellcasting
 64305 | Slime:5  | Found the +12 Vampire's Tooth {vamp}
 64312 | Slime:5  | Got a slimy rune of Zot
 64315 | Slime:5  | Identified the cursed +0 pair of boots of Untold Secrets
                  | {rElec MP+9} (You found it on level 5 of the Pits of Slime)
 64375 | Slime:5  | Identified the Collected Works on Unholy Rites and Feathers
 64390 | Slime:5  | Got a twitching steel ring
 64399 | Slime:5  | Identified the ring of Moodiness {Wiz rPois rF+++ Str-2
                  | Dex-2} (You found it on level 5 of the Pits of Slime)
 64799 | Depths:1 | Entered Level 1 of the Depths
 65370 | Depths:1 | Found a runed translucent door.
 65376 | Depths:1 | Found a shimmering altar of Xom.
 65376 | Depths:1 | Noticed confidenceinterval's ghost (adept GrFi)
 65678 | Depths:1 | Found a gateway to a ziggurat.
 65787 | Depths:1 | Found a runed translucent door.
 65816 | Depths:1 | Found a gateway to Hell.
 66331 | Depths:2 | Found a sacrificial altar of Ru.
 66336 | Depths:2 | Found a one-way gate to the infinite horrors of the Abyss.
 66644 | Depths:2 | Found a hide-covered altar of Uskayaw.
 66644 | Depths:2 | Found a sparkling altar of Nemelex Xobeh.
 67297 | Depths:2 | Identified the +5 mace "Duke" {holy, rPois rN+++ Will-
                  | Dex-3}
 68042 | Depths:3 | Found a glowing golden altar of the Shining One.
 68428 | Depths:3 | Found a one-way gate leading to the halls of Pandemonium.
 69102 | Depths:4 | Reached skill level 15 in Dodging
 69112 | Depths:4 | Found the +3 sling "Punk" {acid, rCorr}
 69675 | Depths:4 | Found a runed translucent door.
 69679 | Depths:4 | Noticed a juggernaut
 69679 | Depths:4 | Noticed a juggernaut
 69682 | Depths:4 | Found a runed translucent door.
 69689 | Depths:4 | Killed a juggernaut
 69689 | Depths:4 | Killed a juggernaut
 69739 | Depths:4 | Identified the ring of Talikh {Fire SInv}
 69744 | Depths:4 | Identified the +6 rapier of Light {vorpal, rPois Int-2
                  | Dex+4 Stlth+}
 69933 | Depths:5 | Entered Level 5 of the Depths
 70383 | Depths:5 | Found Immudd's General Store.
 70387 | Depths:5 | Found Duluub's Antique Armour Boutique.
 70748 | Depths:5 | Found a gate to the Realm of Zot.
 70865 | Depths:5 | Found a sparkling altar of Nemelex Xobeh.
 70981 | Depths:4 | Voluntarily entered the Abyss.
 71115 | Abyss:2  | Acquired a book of Annihilations
 71168 | Abyss:3  | Gained mutation: [Armour fits poorly on your strangely
                  | shaped body.] [a cacodemon]
 71170 | Abyss:3  | Gained mutation: You are occasionally teleported next to
                  | monsters. [a shining eye]
 71193 | Abyss:3  | Got an abyssal rune of Zot
 71215 | Depths:4 | Escaped the Abyss
 71373 | Zig:1    | Entered Level 1 of a ziggurat
 71407 | Zig:1    | Learned a level 9 spell: Absolute Zero
 71412 | Zig:2    | Entered Level 2 of a ziggurat
 71417 | Zig:2    | Reached skill level 1 in Ice Magic
 71437 | Zig:3    | Entered Level 3 of a ziggurat
 71556 | Zig:4    | Entered Level 4 of a ziggurat
 71698 | Zig:4    | Got a twitching amber ring
 71703 | Zig:4    | Identified the ring of Winter {rElec rN+ Str+3 SInv} (You
                  | found it on level 4 of a ziggurat)
 71704 | Zig:4    | Lost mutation: You can translocate small distances at will.
                  | [potion of mutation]
 71704 | Zig:4    | Lost mutation: You are agile. (Dex +2) [potion of mutation]
 71704 | Zig:4    | Lost mutation: [Armour fits poorly on your strangely shaped
                  | body.] [potion of mutation]
 71704 | Zig:4    | Lost mutation: You are occasionally teleported next to
                  | monsters. [potion of mutation]
 71704 | Zig:4    | Gained mutation: [Your magical capacity is low. (-10% MP)]
                  | [potion of mutation]
 71704 | Zig:4    | Gained mutation: You have a pair of small horns on your
                  | head. [potion of mutation]
 71704 | Zig:4    | Gained mutation: You have a pair of horns on your head.
                  | [potion of mutation]
 71705 | Zig:4    | Lost mutation: You have a pair of horns on your head.
                  | [potion of mutation]
 71705 | Zig:4    | Lost mutation: [Your magical capacity is low. (-10% MP)]
                  | [potion of mutation]
 71705 | Zig:4    | Gained mutation: You have a pair of horns on your head.
                  | [potion of mutation]
 71705 | Zig:4    | Gained mutation: You expend magic power (3 MP) to
                  | strengthen your wands. [potion of mutation]
 71706 | Zig:4    | Lost mutation: You have a pair of horns on your head.
                  | [potion of mutation]
 71706 | Zig:4    | Lost mutation: You expend magic power (3 MP) to strengthen
                  | your wands. [potion of mutation]
 71706 | Zig:4    | Lost mutation: You have a pair of small horns on your head.
                  | [potion of mutation]
 71706 | Zig:4    | Gained mutation: Your mind is acute. (Int +2) [potion of
                  | mutation]
 71706 | Zig:4    | Gained mutation: You are strong-willed. (Will+) [potion of
                  | mutation]
 71706 | Zig:4    | Gained mutation: Your flesh is heat resistant. (rF+)
                  | [potion of mutation]
 71706 | Zig:4    | Gained mutation: You have an increased reservoir of magic.
                  | (+10% MP) [potion of mutation]
 71733 | Zig:5    | Entered Level 5 of a ziggurat
 71769 | Zig:5    | Got a faintly glowing turquoise ring
 71770 | Zig:5    | Identified the ring of Fallacy {rCorr Str+6 Slay-4} (You
                  | found it on level 5 of a ziggurat)
 71773 | Zig:5    | Acquired 1222 gold pieces
 71781 | Zig:6    | Entered Level 6 of a ziggurat
 71784 | Zig:6    | Noticed a juggernaut
 71787 | Zig:6    | Killed a juggernaut
 71788 | Zig:6    | Reached skill level 5 in Ice Magic
 71941 | Zig:7    | Entered Level 7 of a ziggurat
 72231 | Zig:7    | Identified the +1 robe of Greed {rN+} (You found it on
                  | level 7 of a ziggurat)
 72253 | Zig:8    | Entered Level 8 of a ziggurat
 72294 | Zig:9    | Entered Level 9 of a ziggurat
 72458 | Zig:9    | Identified the +3 quarterstaff "Faqoha" {antimagic, *Noise
                  | +Rage SInv} (You found it on level 9 of a ziggurat)
 72460 | Zig:10   | Entered Level 10 of a ziggurat
 72471 | Zig:10   | Reached skill level 10 in Ice Magic
 72697 | Zig:11   | Entered Level 11 of a ziggurat
 72805 | Zig:11   | Identified the +1 cloak of the True Pharaoh {rElec} (You
                  | found it on level 11 of a ziggurat)
 72814 | Zig:12   | Entered Level 12 of a ziggurat
 72825 | Zig:12   | Noticed Ykoger the pandemonium lord
 72825 | Zig:12   | Noticed Ywelustri the pandemonium lord
 72828 | Zig:12   | Killed Ywelustri the pandemonium lord
 72833 | Zig:12   | Killed Ykoger the pandemonium lord
 72939 | Zig:13   | Entered Level 13 of a ziggurat
 72946 | Zig:13   | Noticed an ancient lich
 72950 | Zig:13   | Killed an ancient lich
 73007 | Zig:14   | Entered Level 14 of a ziggurat
 73024 | Zig:14   | Reached skill level 15 in Ice Magic
 73087 | Zig:14   | Identified the Collected Works on Glacial Transmutation
 73107 | Zig:14   | Identified the +1 robe "Ikyx" {rC+ Str+4} (You found it on
                  | level 14 of a ziggurat)
 73114 | Zig:15   | Entered Level 15 of a ziggurat
 73208 | Zig:15   | Identified the Compendium of Evil Rites and Attacks
 73213 | Zig:16   | Entered Level 16 of a ziggurat
 73292 | Zig:17   | Entered Level 17 of a ziggurat
 73316 | Zig:17   | Noticed Lica the pandemonium lord
 73319 | Zig:17   | Killed Lica the pandemonium lord
 73492 | Zig:17   | Identified the +1 leather armour "Coeqepio" {rC++ rN+++
                  | Will-} (You found it on level 17 of a ziggurat)
 73505 | Zig:18   | Entered Level 18 of a ziggurat
 73539 | Zig:18   | Gained mutation: You are weak. (Str -2) [a cacodemon]
 73556 | Zig:18   | Paralysed by accursed screaming for 1 turns
 73563 | Zig:18   | Killed from afar by a wretched star

Illustrated notes

Levels and vault maps discovered:
D:1:      dpeg_arrival_rooms_with_view, layout_loops_ring, xom_teletrap_fun
D:2:      layout_basic, minmay_pentomino_t2
D:3:      layout_loops_ring, kennysheep_decorative_pillar
D:4:      layout_layer_cave, kennysheep_mini
D:5:      layout_basic, minmay_temple_entry_hall, nicolae_ossuary_entry_ruins
D:6:      layout_layer_cave, riverfiend_overflow_shadow_ancestor,
          grunt_qazlal_clouds, serial_shops, kennysheep_mini_moat,
          uniq_blork_the_orc
D:7:      layout_basic, serial_glass, glass_columns_b, glass_columns_c,
          glass_columns_c, glass_columns_c, glass_columns_a, serial_shops, shop,
          enter_bailey_5
D:8:      layout_loops_ring, lightli_temple_of_fire
D:9:      layout_gridville, elyvilon_altar_5, lemuel_coloured_pillars_altar,
          nemelex_xobeh_ov_fountains_minmay, minmay_parallelograms
D:10:     layout_basic, due_lair_maze_entry_diamond, orc_0_dummy, serial_shops,
          nicolae_shop_temple_entry_statues_fountains, uniq_grum
D:11:     layout_rooms, gammafunk_ghost_smash, nicolae_trove_entry_free_sample,
          serial_shops, shop, uniq_snorg, uniq_psyche
D:12:     layout_irregular_city, kennysheep_small_spiral
D:13:     kennysheep_green_arena, layout_layer_cave, uniq_urug
D:14:     layout_roguey, erik_vaults_2, dk_noncrumbling_3, uniq_frances
D:15:     grunt_enter_depths_magical_seal, layout_rooms,
          gammafunk_ghost_tricky_traps, hangedman_decor_peaks_small,
          serial_shops, nicolae_shop_stone
Temple:   oiseaux_autumnal_temple
Lair:1:   layout_cave_pods, grunt_megastairs_3, uniq_maggie, uniq_erica,
          uniq_nergalle
Lair:2:   layout_regular_city, grunt_megastairs_2, uniq_sonja
Lair:3:   layout_chaotic_city, elwin_shoals_entry_stream, dummy_snake_entry
Lair:4:   layout_roguey, gauntlet_entry_generic, cheibrodos_lair_reptile_den,
          serial_bayou_shore_b
Lair:5:   layout_layer_cave, dpeg_slime_entry_corner
Lair:6:   hangedman_lair_tendril_chambers, layout_layer_cave,
          guppyfry_lair_end_dragon, serial_bayou_lagoon_b
Shoals:1: layout_shoals, gammafunk_ghost_necromancy, uniq_donald
Shoals:2: layout_shoals, yaktaur_hedge
Shoals:3: layout_shoals, serial_shops, nicolae_shop_trees,
          ebering_ghost_rock_garden
Shoals:4: shoals_end_grunt_garden, layout_shoals, nicolae_shoals_hunting_party
Snake:1:  cheibrodos_forgotten_conduit, layout_layer_cave, grunt_megastairs_1
Snake:2:  layout_rooms
Snake:3:  layout_rooms, grunt_megastairs_5
Snake:4:  johnstein_snake_rune_scales, layout_onion_interference, basic_altar,
          grunt_ministairs_2
Slime:1:  layout_caves, cheibrodos_slime_lost_civilization_4
Slime:2:  layout_caves, dissolution_awaits
Slime:3:  layout_caves, nicolae_slime_phagocytosis
Slime:4:  layout_caves, nicolae_slime_barrier
Slime:5
Orc:1:    layout_caves
Orc:2:    st_orc_town, layout_caves, portal_ice_cave_demonic_guard,
          abandoned_shop, nicolae_orc_lost_temple
Elf:1:    elf_arrival_002, layout_loops_corners, orc_legates
Elf:2:    layout_rooms
Elf:3:    minmay_elf_hall_statues, layout_geoelf_diagonals, nicolae_rare_books,
          lemuel_flamethrower_3
Vaults:1: biasface_vaults_ghost_orc_armoury, v_alt_pattern_1,
          vaults_mumra_chevron, hangedman_vaults_variations,
          ontoclasm_vaults_eye, nicolae_vaults_network_s, v_misc_24,
          nicolae_vaults_border_crossing, vaults_room_guarded_vault,
          hangedman_vaults_stretched_pinwheel, layout_vaults_omnicross
Vaults:2: ontoclasm_vaults_ring_small, ontoclasm_vaults_chip,
          hangedman_vaults_snaps, vaults_room_door_hall, ontoclasm_vaults_tryst,
          nicolae_vaults_rhombus_7, vaults_room_semicircle,
          grunt_vaults_hallway_short, nicolae_vaults_little_squares_5,
          vaults_room_semicircle, layout_vaults_chaotic_city, uniq_aizul,
          uniq_frederick
Vaults:3: minmay_crypt_entry_simple_box, nicolae_vaults_mini_display_case,
          grunt_vaults_hallway_long, v_misc_9, vaults_dpeg_diagonal, v_misc_1,
          hangedman_vaults_nodes, nicolae_vaults_yaktaur_gun_rack, v_misc_26,
          v_alt_pattern_4, nicolae_vaults_statue_guard, layout_vaults_ring,
          uniq_margery
Vaults:4: vaults_room_ringed_pool, ontoclasm_vaults_ligature,
          nicolae_vaults_network_barrier, hangedman_vaults_slice,
          nicolae_vaults_inception_statues, hangedman_vaults_hard_town_square,
          nicolae_vaults_specimen_jars, v_pattern_1, v_misc_24,
          ontoclasm_vaults_hangar, ontoclasm_vaults_shuriken,
          ontoclasm_vaults_twist, v_alt_pattern_2, nicolae_vaults_circle_grid_b,
          v_misc_3, vaults_room_semicircle, layout_vaults_maze
Vaults:5: uniq_jory, uniq_sojobo, uniq_mennas
Crypt:1:  layout_catacombs, basic_altar, grunt_ministairs_10, uniq_khufu,
          uniq_bai_suzhen
Crypt:2:  layout_regular_city, grunt_megastairs_4
Crypt:3:  evilmike_haunted_forest
Depths:1: layout_big_octagon, enter_ziggurat_e, lightli_too_deep,
          ebering_ghost_xom, hangedman_decor_lopped, serial_sigils,
          serial_sigils_hangedman_leer, serial_sigils_hangedman_scratch,
          serial_sigils_hangedman_confine, serial_sigils_hangedman_gnaw,
          hangedman_abyss_or_decor_stabs, eino_small_chamber_without_monster,
          minmay_misc_feat_x, minmay_st_funbox,
          minmay_fractal_squares_diagonal_5, serial_bayou_shore_b
Depths:2: hangedman_slaughterboxes, abyss_entry, hell_entry
Depths:3: minmay_inner_zag, layout_gridlike, rand_demon_pan_entry_1,
          pf_dread_powers_of_hell, abyss_entry, tso_metal_star,
          infiniplex_staircase_star
Depths:4: minmay_expanding_circles, layout_cave_pools, serial_column_ruins,
          column_ruins_portal_hut, column_ruins_circle_medium,
          column_ruins_hut_pillars, column_ruins_grid_1,
          column_ruins_columns_corner, column_ruins_columns_water,
          column_ruins_columns_straight, column_ruins_grid_3,
          column_ruins_columns_straight, hell_entry, grunt_pan_entry_sceptre,
          abyss_entry_crystal, minmay_staircase_bubble
Depths:5: grunt_zot_entry_alcove, layout_basic, hell_entry,
          minmay_misc_feat_ornament, grunt_ministairs_11,
          nemelex_diamond_rough_becter, serial_bayou_shore_a, minmay_shop_star
Zig:18

Skill      XL: |  1  2  3  4  5  6  7  8  9 10 11 12 13 14 15 16 17 18 19 20 21 22 23 24 25 26 27 |
---------------+----------------------------------------------------------------------------------+-----
Earth Magic    | 4 5 6 7 8 9 10 11 12 13 14 15 16 18 22 | 22.0
Conjurations   | 1 2 3 4 5 6 7 8 9 10 11 12 13 14 15 16 20 | 20.0
Spellcasting   | 3 4 5 6 7 8 9 10 11 12 13 14 18 | 18.7
Fighting       | 2 3 5 6 7 8 9 10 11 12 13 14 15 16 20 | 20.4
Maces & Flails | 2 3 4 5 7 8 9 10 11 12 13 14 15 17 | 17.2
Armour         | 2 3 5 6 |  6.0
Evocations     | 2 3 4 5 6 7 8 9 10 | 10.0
Dodging        | 2 3 4 5 6 7 8 9 10 11 12 13 15 | 15.0
Fire Magic     | 6 8 10 13 16 19 21 22 | 22.0
Ice Magic      | 19 | 19.1
Stealth        | |  2.1
Transmutations | |  0.7

Action                   |  1- 3 |  4- 6 |  7- 9 | 10-12 | 13-15 | 16-18 | 19-21 | 22-24 | 25-27 || total
-------------------------+-------+-------+-------+-------+-------+-------+-------+-------+-------++-------
Melee: Dagger            |   167 |   201 |   533 |       |       |       |       |       |       ||   901
       Unarmed           |     2 |       |       |       |       |       |       |       |       ||     2
       Flail             |       |       |    65 |   203 |       |       |       |       |       ||   268
       Short sword       |       |       |       |    42 |       |       |       |       |       ||    42
       Dire flail        |       |       |       |   356 |   307 |       |       |   288 |    97 ||  1048
       Great mace        |       |       |       |       |     9 |   964 |   473 |    67 |   519 ||  2032
       Sacred scourge    |       |       |       |       |       |       |       |       |   772 ||   772
Throw: Throwing net      |       |       |       |       |     1 |       |       |       |       ||     1
 Cast: Sandblast         |    15 |    52 |   112 |    35 |    17 |     4 |    10 |       |       ||   245
       Stone Arrow       |     1 |     1 |    16 |     7 |     2 |       |       |       |       ||    27
       Lee's Rapid Decon |       |       |    12 |    57 |    80 |   100 |    23 |    89 |    33 ||   394
       Mephitic Cloud    |       |       |     3 |     3 |       |     1 |       |       |       ||     7
       Bolt of Magma     |       |       |       |     8 |     9 |    20 |    26 |     1 |       ||    64
       Iron Shot         |       |       |       |     5 |    52 |   148 |   148 |   110 |   108 ||   571
       Irradiate         |       |       |       |       |     4 |     9 |     6 |       |       ||    19
       Starburst         |       |       |       |       |       |    15 |       |     1 |       ||    16
       Ignition          |       |       |       |       |       |     3 |   118 |    73 |   119 ||   313
       Shatter           |       |       |       |       |       |       |       |    22 |   182 ||   204
       Fire Storm        |       |       |       |       |       |       |       |       |    49 ||    49
 Abil: Fly               |       |       |       |       |       |     1 |       |       |       ||     1
Evoke: Wand              |       |       |     6 |     5 |       |    12 |     1 |       |     2 ||    26
       Phantom mirror    |       |       |       |     1 |       |       |     1 |       |       ||     2
       Tin of tremorston |       |       |       |       |       |     2 |     1 |       |     2 ||     5
       Phial of floods   |       |       |       |       |       |     1 |       |       |       ||     1
       Lightning rod     |       |       |       |       |       |       |     4 |       |       ||     4
       Box of beasts     |       |       |       |       |       |       |     1 |       |       ||     1
       Condenser vane    |       |       |       |       |       |       |       |       |     1 ||     1
  Use: Scroll            |       |    13 |    10 |    12 |     5 |    17 |    11 |    14 |    40 ||   122
       Potion            |       |     1 |     2 |     4 |     2 |       |    15 |     3 |    21 ||    48
 Stab: Sleeping          |     3 |     3 |     2 |     5 |     2 |     2 |     1 |     4 |     1 ||    23
       Confused          |       |       |       |     1 |       |       |       |       |       ||     1
       Distracted        |       |       |       |       |       |       |     1 |       |     1 ||     2
Armor: Robe              |    47 |    73 |   237 |   351 |   210 |   733 |   395 |   227 |   319 ||  2592
       Leather armour    |       |       |       |       |       |       |       |       |   451 ||   451
Dodge: Dodged            |   103 |   110 |   409 |   527 |   335 |  1256 |   562 |   309 |  1304 ||  4915

Table legend: (Time is in decaauts)
 A = Elapsed time spent in this place.
 B = Non-inter-level travel time spent in this place.
 C = Inter-level travel time spent in this place.
 D = Time resting spent in this place.
 E = Time spent auto-exploring this place.
 F = Levels seen in this place.
 G = Mean time per level.
                   A        B        C        D        E       F      G
               +--------+--------+--------+--------+--------+-----+--------+
         Total |  73197 |  66461 |   6736 |  12506 |  36960 |  80 |  915.0 |
       Dungeon |  20510 |  18097 |   2413 |   2360 |  11320 |  15 | 1367.3 |
        Temple |    312 |    225 |     87 |      0 |    223 |   1 |  312.0 |
          Lair |   7637 |   6894 |    743 |    323 |   5115 |   6 | 1272.8 |
        Shoals |   4449 |   4172 |    277 |    569 |   2668 |   4 | 1112.2 |
     Snake Pit |   6018 |   5819 |    199 |   1638 |   2848 |   4 | 1504.5 |
    Slime Pits |   1423 |   1354 |     69 |    935 |      0 |   5 |  284.6 |
  Orcish Mines |   2056 |   1791 |    265 |     26 |   1005 |   2 | 1028.0 |
   Elven Halls |   4715 |   4187 |    528 |    760 |   2612 |   3 | 1571.7 |
        Vaults |   9880 |   8445 |   1435 |   1852 |   4674 |   5 | 1976.0 |
         Crypt |   4255 |   4014 |    241 |    367 |   2452 |   3 | 1418.3 |
        Depths |   6027 |   5553 |    474 |    940 |   3091 |   5 | 1205.4 |
         Abyss |    519 |    519 |      0 |    105 |    135 |   4 |  129.8 |
      Ziggurat |   2172 |   2172 |      0 |   1219 |      0 |  18 |  120.7 |
         Trove |     53 |     53 |      0 |      0 |      0 |   1 |   53.0 |
       Ossuary |   1032 |   1032 |      0 |    100 |    599 |   1 | 1032.0 |
        Bailey |   1347 |   1347 |      0 |   1128 |     26 |   1 | 1347.0 |
      Ice Cave |    256 |    256 |      0 |     93 |      0 |   1 |  256.0 |
      Gauntlet |    529 |    529 |      0 |     90 |    192 |   1 |  529.0 |
               +--------+--------+--------+--------+--------+-----+--------+

Top non-repeatable levels by time:
   Elf:3: 2372 daAuts
Vaults:1: 2363 daAuts
    D:15: 2165 daAuts
    D:14: 2155 daAuts
    D:13: 2101 daAuts
Vaults:4: 2060 daAuts
Vaults:2: 2022 daAuts
 Snake:1: 1927 daAuts
 Crypt:3: 1910 daAuts
  Lair:6: 1794 daAuts
 Snake:4: 1755 daAuts
Vaults:3: 1730 daAuts
Vaults:5: 1703 daAuts
Depths:2: 1652 daAuts
     D:2: 1458 daAuts
